 Dungeon Crawl Stone Soup version 0.18.1-6-gd335043 (webtiles) character file.

110 Liquid the Slasher (level 4, -2/42 HPs)
             Began as a Naga Fighter on May 19, 2016.
             Was a Believer of Cheibriados.
             Killed by nerve-wracking pain
             ... invoked by Grinder
              (10 damage)
             ... on level 3 of the Dungeon.
             The game lasted 00:09:28 (2951 turns).

Liquid the Slasher (Naga Fighter)                   Turns: 2951, Time: 00:09:29

Health: -2/42      AC:  4    Str: 28    XL:     4   Next: 91%
Magic:  4/4        EV:  6    Int: 14    God:    Cheibriados [**....]
Gold:   180        SH: 10    Dex: 16    Spells: 0 memorised, 3 levels left

rFire  . . .     SeeInvis +     a - +1 long sword
rCold  . . .     Gourm    .     b - +0 scale mail
rNeg   . . .     Faith    .     c - +0 shield
rPois  +         Spirit   .     (no helmet)
rElec  .         Dismiss  .     (no cloak)
rCorr  .         Reflect  .     (no gloves)
SustAt .         Harm     .     (no barding)
MR     .....                    (no amulet)
Stlth  +.........               (no ring)
                                (no ring)

@: mighty, very slow, not resistant to hostile enchantments, very unstealthy
A: see invisible, deformed body, poison resistance, slowness 2, slow metabolism
1, spit poison 2, AC +1
a: Spit Poison, Bend Time, Renounce Religion


You were on level 3 of the Dungeon.
You worshipped Cheibriados.
Cheibriados was pleased with you.
You were not hungry.

You visited 1 branch of the dungeon, and saw 3 of its levels.

You collected 180 gold pieces.

Inventory:

Hand Weapons
 a - a +1 long sword (weapon)
Armour
 b - a +0 scale mail (worn)
 c - a +0 shield (worn)
Jewellery
 l - a +3 ring of protection {unknown}
Wands
 s - a wand of iceblast (8/15)
Scrolls
 g - a scroll of enchant weapon
 i - 3 scrolls of identify
 m - a scroll of magic mapping
 p - a scroll of remove curse
Potions
 n - a potion of lignification {unknown}
 o - a potion of cure mutation
 q - a potion of ambrosia {unknown}
Books
 e - a book of Enchantments

   Spells                             Type                      Level
   a - Cause Fear                     Hexes                        4
   b - Yara's Violent Unravelling     Hexes/Transmutation          5
   c - Silence                        Hexes/Air                    5
   d - Deflect Missiles               Charms/Air                   6
   e - Haste                          Charms                       6
   f - Discord                        Hexes                        8
Comestibles
 f - 2 bread rations
 h - a beef jerky
 j - a meat ration
 k - a royal jelly


   Skills:
 + Level 3.3 Fighting
 * Level 3.5 Long Blades
 - Level 2.4 Armour
 - Level 2.4 Stealth
 + Level 3.0 Shields
 + Level 0.2 Invocations


You had 3 spell levels left.
You didn't know any spells.

Dungeon Overview and Level Annotations

Branches:
Dungeon (3/15)

Altars:
Cheibriados
Pakellas

Annotations:
D:3 Grinder


Innate Abilities, Weirdness & Mutations

You cannot wear boots.
Your serpentine skin is tough (AC +1).
You have supernaturally acute eyesight.
Armour fits poorly on your strangely shaped body.
Your system is resistant to poisons.
You cover ground very slowly.
You have a slow metabolism.
You can spit poison.


Message History

You block Grinder's attack. You block the giant gecko's attack.
Grinder hits you.
You writhe in agony.
You slash Grinder!
Grinder is moderately wounded.
You block the giant gecko's attack. Grinder gestures at you.
You struggle to resist.
You block the giant gecko's attack.
You hit Grinder.
Grinder is heavily wounded.
The giant gecko closely misses you. Grinder hits you.
You writhe in agony.
You closely miss Grinder.
Grinder is heavily wounded.
You block the giant gecko's attack. Grinder hits you.
* * * LOW HITPOINT WARNING * * *
You writhe in agony.
* * * LOW HITPOINT WARNING * * *
The giant gecko barely misses you. Grinder gestures at you.
Pain shoots through your body!
You die...

.# .. 5#
.# l# .#
########.#
#....5@l.#
##
#.########
#. #.# #.
#.# #. #.#
#. #.# #.
#.## #.
#..# ###.
##.# .....


You could see Grinder and a giant gecko.

Vanquished Creatures
  Terence (D:2)
  An adder (D:2)
  An ooze (D:1)
  3 worms
  A dart slug (D:2)
  2 giant geckos (D:1)
  5 orcs
  8 bats
  2 giant cockroaches (D:2)
  7 hobgoblins
  A quokka (D:2)
  2 ball pythons
  3 giant newts (D:3)
  8 goblins
  5 kobolds
  5 rats
55 creatures vanquished.

Vanquished Creatures (others)
  A gargoyle (D:2)
1 creature vanquished.

Grand Total: 56 creatures vanquished

Notes
Turn   | Place    | Note
--------------------------------------------------------------
     0 | D:1      | Liquid the Naga Fighter began the quest for the Orb.
     0 | D:1      | Reached XP level 1. HP: 21/21 MP: 1/1
   354 | D:1      | Reached skill level 1 in Stealth
   364 | D:1      | Reached XP level 2. HP: 20/28 MP: 2/2
   523 | D:1      | Found a snail-covered altar of Cheibriados.
   549 | D:1      | Became a worshipper of Cheibriados the Contemplative
   959 | D:1      | Reached XP level 3. HP: 34/34 MP: 3/3
  1029 | D:1      | HP: 1/34 [orc (2)]
  1283 | D:2      | Noticed Terence
  1305 | D:2      | Killed Terence
  1305 | D:2      | Reached XP level 4. HP: 27/42 MP: 4/4
  1324 | D:2      | Reached * piety under Cheibriados
  1556 | D:2      | Found an oddly glowing altar of Pakellas.
  1557 | D:2      | Noticed a gargoyle
  1562 | D:2      | Killed a gargoyle
  1887 | D:2      | Found a faded altar to an unknown god.
  2646 | D:3      | Reached ** piety under Cheibriados
  2941 | D:3      | Noticed Grinder
  2951 | D:3      | Killed from afar by Grinder

Skill      XL: |  1  2  3  4 |
---------------+-------------+-----
Stealth        | 1 2 |  2.4
Long Blades    | 3 |  3.5
Shields        | 3 |  3.0
Fighting       | |  3.3
Armour         | |  2.4
Invocations    | |  0.2

Action                   |  1- 3 |  4- 6 || total
-------------------------+-------+-------++-------
Melee: Long sword        |   109 |    89 ||   198
Invok: Bend Time         |     1 |       ||     1
 Abil: Spit Poison       |     2 |     1 ||     3
  Use: Scroll            |     5 |     2 ||     7
       Potion            |     2 |     1 ||     3
  Eat: Chunk             |     1 |     4 ||     5
Armor: Scale mail        |    52 |    28 ||    80
Dodge: Dodged            |    34 |    18 ||    52
Block: Shield            |    58 |    65 ||   123
